 Dungeon Crawl Stone Soup version 0.30-a0-996-ga6910c8ee8 (webtiles) character file.

Game seed: 11093104302524631319

63 Maxmaps the Changer (level 3, -2/26 HPs)
             Began as a Demonspawn Transmuter on Apr 4, 2023.
             Slain by Crazy Yiuf
             ... wielding a +3 quarterstaff of chaos
              (12 damage)
             ... on level 2 of the Dungeon.
             The game lasted 00:01:59 (1892 turns).

Maxmaps the Changer (Demonspawn Transmuter)         Turns: 1892, Time: 00:02:00

Health: -2/26      AC:  2    Str: 10    XL:     3   Next: 89%
Magic:  3/6        EV: 19    Int: 16    God:
Gold:   82         SH:  0    Dex: 18    Spells: 2/6 levels left

rFire   . . .      SeeInvis .      - Unarmed
rCold   . . .      Faith    .    (shield currently unavailable)
rNeg    . . .      Spirit   .    a - melded +0 robe
rPois   x          Reflect  .    e - melded +0 helmet
rElec   .          Rampage  .    (cloak currently unavailable)
rCorr   .                        k - melded +0 pair of gloves
Will    .....                    (boots currently unavailable)
Stlth   ++                       (no amulet)
HPRegen 0.24/turn                (no ring)
MPRegen 0.10/turn                (no ring)

@: spider-form (expiring)
A: venomous fangs, tiny, ignite blood 1, powered by death 1
a: End Transformation


You were on level 2 of the Dungeon.
You were a venomous arachnid creature.
You visited 1 branch of the dungeon, and saw 2 of its levels.

You collected 82 gold pieces.

Inventory:

Armour
 a - a +0 robe (melded)
 e - a +0 helmet (melded)
 k - a +0 pair of gloves (melded)
Scrolls
 d - 4 scrolls of poison {unknown}
 j - 2 scrolls of enchant armour {unknown}
 n - 2 scrolls of teleportation {unknown}
 o - a scroll of enchant weapon {unknown}
 p - a scroll of amnesia {unknown}
Potions
 b - 2 potions of lignification
 c - 4 potions of curing {unknown}
 f - 2 potions of degeneration {unknown}
 g - a potion of attraction {unknown}
 h - a potion of magic {unknown}
 i - a potion of brilliance {unknown}
 l - a potion of might {unknown}
 m - 2 potions of heal wounds {unknown}
 q - a potion of mutation {unknown}


   Skills:
 - Level 1.0 Fighting
 - Level 1.7 Dodging
 - Level 2.6 Unarmed Combat
 - Level 2.0 Spellcasting
 - Level 3.3 Transmutations
 + Level 1.8 Poison Magic


You had 2 spell levels left.
You knew the following spells:

 Your Spells              Type           Power      Damage    Failure   Level
a - Beastly Appendage     Tmut           24%        N/A       16%         1
b - Spider Form           Tmut/Pois      9%         N/A       43%         3

Your spell library contained the following spells:

 Spells                   Type           Power      Damage    Failure   Level
 Wereblood                Tmut           12%        N/A       21%         2
 Ice Form                 Ice/Tmut       6%         N/A       87%         4


Dungeon Overview and Level Annotations

Branches:
Dungeon (2/15)

Altars:

Annotations:
D:2 Crazy Yiuf


Innate Abilities, Weirdness & Mutations

You are a venomous arachnid creature.
You have venomous fangs.
You are tiny and dextrous.
Your spellcasting is less reliable in this form.
Your armour is entirely melded.
You are incapable of wielding weapons or throwing items.
Your demonic aura sometimes causes spilled blood to erupt in flames.
You regenerate a little health from kills.


Message History

Your +0 helmet unmelds from your body.
You see here 6 stones.
You see here a +0 dagger.
Crazy Yiuf glowers.
Could not explore, unopened runed door.
Could not explore, unopened runed door.
Could not explore, unopened runed door.
Casting: Beastly Appendage (safe; 5% risk of failure)
Confirm with . or Enter, or press ? or * to list all spells.
You don't know that spell.
Casting: Beastly Appendage (safe; 5% risk of failure)
Confirm with . or Enter, or press ? or * to list all spells.
Okay, then.
Okay, then.
Casting: Beastly Appendage (safe; 5% risk of failure)
Confirm with . or Enter, or press ? or * to list all spells.
The spell is extremely dangerous to miscast (22% risk of failure)!
Continue anyway?
You turn into a venomous arachnid creature.
Your +0 helmet melds into your body.
Your +0 pair of gloves melds into your body.
Your +0 robe melds into your body.
You open the door. You hit Crazy Yiuf but do no damage.
Crazy Yiuf is poisoned.
Crazy Yiuf barely misses you.
You hit Crazy Yiuf but do no damage.
Crazy Yiuf is lightly wounded.
You barely miss Crazy Yiuf.
Crazy Yiuf is lightly wounded.
Crazy Yiuf whimpers, "Fire arm pontify!"
Crazy Yiuf hits you with a +3 quarterstaff of chaos!
Ouch! That really hurt!
Crazy Yiuf burns you.
You hit Crazy Yiuf.
Crazy Yiuf is lightly wounded.
Crazy Yiuf closely misses you.
You hit Crazy Yiuf but do no damage.
Crazy Yiuf looks as sick as possible!
Crazy Yiuf is moderately wounded.
Your transformation is almost over.
Crazy Yiuf hits you with a +3 quarterstaff of chaos!
You die...

#..................
########...........
#.......#### #####
#.......# #..)#
#......<# #...#
#.####### ... #.#
#g# ### ##s# #####
#.## ###...# ##.#
#.....###### #.##
###......... ##.##
#.######## #...##
#.# ##...# #.# #
#....# #.# #
####+..+######.# #


You could see Crazy Yiuf (extremely poisoned).

Vanquished Creatures
  2 adders (D:2)
  2 worms (D:2)
  An orc (D:2)
  4 ball pythons
  3 endoplasms
  A giant cockroach (D:1)
  6 goblins
  2 hobgoblins (D:1)
  A jackal (D:1)
  A quokka (D:1)
  3 bats
  3 frilled lizards (D:1)
  A kobold (D:1)
  9 rats
39 creatures vanquished.

Notes
Turn   | Place    | Note
-------+----------+-------------------------------------------
     0 | D:1      | Maxmaps the Demonspawn Transmuter began the quest for the
                  | Orb.
     0 | D:1      | Reached XP level 1. HP: 15/15 MP: 3/3
    18 | D:1      | Reached skill level 2 in Transmutations
   201 | D:1      | Gained mutation: Your demonic aura sometimes causes spilled
                  | blood to erupt in flames. [demonic ancestry]
   201 | D:1      | Reached XP level 2. HP: 19/21 MP: 5/5
   629 | D:1      | Reached skill level 3 in Transmutations
  1075 | D:2      | Gained mutation: You regenerate a little health from kills.
                  | [demonic ancestry]
  1075 | D:2      | Reached XP level 3. HP: 26/26 MP: 6/6
  1215 | D:2      | Found a runed translucent door.
  1216 | D:2      | Noticed Crazy Yiuf
  1289 | D:2      | Learned a level 3 spell: Spider Form
  1585 | D:2      | Reached skill level 1 in Poison Magic
  1892 | D:2      | Slain by Crazy Yiuf

Illustrated notes

Levels and vault maps discovered:
D:1:      mrwooster_arrival_statue, layout_loops_ring, minmay_octomino_c4
D:2:      layout_loops_cross, uniq_crazy_yiuf_cottage

Skill      XL: |  1  2  3 |
---------------+----------+-----
Transmutations | 2 3 |  3.3
Poison Magic   | 1 |  1.8
Fighting       | |  1.0
Dodging        | |  1.7
Unarmed Combat | |  2.6
Spellcasting   | |  2.0

Action                     || total
---------------------------++-------
  Melee: Unarmed           ||   110
         Headbutt          ||    15
         Kick              ||    23
         Punch             ||     1
   Cast: Beastly Appendage ||    21
         Spider Form       ||     1
 Armour: Robe              ||    18
  Dodge: Dodged            ||    50

Table legend: (Time is in decaauts)
 A = Elapsed time spent in this place.
 B = Non-inter-level travel time spent in this place.
 C = Inter-level travel time spent in this place.
 D = Time resting spent in this place.
 E = Time spent auto-exploring this place.
 F = Levels seen in this place.
 G = Mean time per level.
                   A        B        C        D        E       F      G
               +--------+--------+--------+--------+--------+-----+--------+
         Total |   1885 |   1863 |     22 |    225 |   1322 |   2 |  942.5 |
       Dungeon |   1885 |   1863 |     22 |    225 |   1322 |   2 |  942.5 |
               +--------+--------+--------+--------+--------+-----+--------+

Top non-repeatable levels by time:
     D:1: 999 daAuts
     D:2: 885 daAuts
